 Dungeon Crawl Stone Soup version 0.31-a0-174-g85c54bcb58 (webtiles) character file.

Game seed: 17984795868256794060

132 qw the Shooter (level 5, -1/49 HPs)
             Began as a Naga Hunter on June 15, 2023.
             Slain by a goblin
             ... wielding a +0 dagger
             ... led by Robin
              (4 damage)
             ... on level 3 of the Dungeon.
             The game lasted 00:00:38 (1229 turns).

qw the Shooter (Naga Hunter)                        Turns: 1229, Time: 00:00:38

Health: -1/49      AC:  3    Str: 13    XL:     5   Next: 15%
Magic:  5/5        EV:  9    Int: 10    God:
Gold:   122        SH:  0    Dex: 16    Spells: 4/4 levels left

rFire   . . .        Y - +0 shortbow (drain)
rCold   . . .        (shield currently unavailable)
rNeg    . . .        c - +0 leather armour
rPois   +            (no helmet)
rElec   .            (no cloak)
rCorr   .            (no gloves)
SInv    +            (no barding)
Will    .....        (no amulet)
Stlth   ++           (no ring)
HPRegen 0.28/turn    (no ring)
MPRegen 0.09/turn

%: no passive effects
@: short of breath, very slow
A: AC +1, large, see invisible, deformed body, poison resistance, slowness 2,
spit poison 1, naga tail 1
a: Spit Poison


You were on level 3 of the Dungeon.
You visited 1 branch of the dungeon, and saw 3 of its levels.

You collected 122 gold pieces.


Innate Abilities, Weirdness & Mutations

Your serpentine skin is tough. (AC +1)
You have supernaturally acute eyesight. (SInv)
Armour fits poorly on your strangely shaped body.
Your system is resistant to poisons. (rPois)
You cover ground very slowly.
You can spit poison.
You have a snake-like lower body.


   Skills:
 - Level 3.2 Fighting
 + Level 5.2 Ranged Weapons
 - Level 1.5 Dodging
 - Level 1.5 Stealth


You had 4 spell levels left.
You didn't know any spells.
Your spell library was empty.

Inventory:

Hand Weapons
 Y - a +0 shortbow of draining (weapon)
Armour
 a - a +1 robe of cold resistance
 c - a +0 leather armour (worn)
 i - a +0 pair of gloves
Jewellery
 h - a ring of ice
Scrolls
 b - 2 scrolls of identify
Potions
 d - a potion of heal wounds {unknown}
 e - a potion of might {unknown}
 f - a potion of haste {unknown}
 g - a potion of ambrosia {unknown}

Dungeon Overview and Level Annotations

Branches:
Dungeon (3/15)

Altars:

Annotations:
D:3 Robin


Message History

Robin roars a battlecry!
The goblins go into a battle-frenzy!
A goblin comes into view. It is wielding a +0 dagger.
A goblin comes into view. It is wielding a +0 club.
The goblin barely misses you.
The goblin shouts!
You shoot an arrow. The arrow barely misses the goblin.
The goblin shouts!
Robin throws the goblin at you! The goblin hits you with a +0 dagger.
The goblin closely misses you.
You shoot an arrow. The arrow closely misses the goblin.
Robin throws the goblin at you! The goblin hits you with a +0 club.
The goblin hits you with a +0 dagger. x2; The goblin closely misses you.
You shoot an arrow. The arrow closely misses the goblin.
A goblin comes into view. It is wielding a +0 dagger.
The goblin hits you with a +0 club. The goblin barely misses you.
The goblin hits you with a +0 dagger.
You shoot an arrow. The arrow hits the goblin.
You kill the goblin!
You have got your breath back.
Robin throws the goblin at you! The goblin hits you but does no damage.
The goblin hits you with a +0 dagger.
The goblin hits you but does no damage. x2
An adder comes into view.
1227 ||| INVOKING Spit Poison.
Aiming: Spit Poison (1% risk of failure)
Press: ? - help, Shift-Dir - straight line, f - goblin The splash of poison hits the goblin!
The goblin is poisoned.
You kill the goblin!
The adder hisses angrily.
The goblin barely misses you. x2; The goblin hits you but does no damage.
The goblin closely misses you.
You shoot an arrow. The arrow hits the goblin.
You kill the goblin!
The goblin hits you with a +0 club.
The goblin hits you with a +0 dagger. x2
The goblin hits you with a +0 club.
You shoot an arrow. The arrow completely misses the goblin.
The goblin completely misses you. The goblin barely misses you.
The goblin hits you with a +0 dagger. The goblin hits you with a +0 club.
Robin throws the goblin at you! The goblin hits you with a +0 dagger.
You die...

.....# #.##.#
#####..........#
#....# #.##.#
#........[.# #....#
..##.#####
#..........# #....#
.####.....#
#..........# #....#
.
#.....#####'########
#..... .
#...........#
...#....#######
#g.).# #g@g.#
.....g.)g.#
).....g.###
.%......# ^.......#
........# ........#
.?......#


You could see Robin and 5 goblins.

Vanquished Creatures
  An orc wizard (D:3)
  4 adders
  A worm (D:3)
  3 dart slugs
  2 orcs (D:3)
  6 endoplasms
  A giant cockroach (D:1)
  4 hobgoblins
  11 jackals
  2 kobolds
  2 quokkas
  2 ball pythons
  6 bats
  A frilled lizard (D:2)
  7 goblins
  3 rats
56 creatures vanquished.

Notes
Turn   | Place    | Note
-------+----------+-------------------------------------------
     0 | D:1      | qw the Naga Hunter began the quest for the Orb.
     0 | D:1      | Reached XP level 1. HP: 19/19 MP: 1/1
     0 | D:1      | 0 ||| qw: Version: 0.2-a-29-g511e9b1
     0 | D:1      | 0 ||| qw: Game counter: 5267
     0 | D:1      | 0 ||| qw: Always use a shield: true
     0 | D:1      | 0 ||| qw: God list: Okawaru
     0 | D:1      | 0 ||| qw: Allow faded altars: false
     0 | D:1      | 0 ||| qw: Do Orc after D:15 true
     0 | D:1      | 0 ||| qw: Do second Lair branch before Depths: true
     0 | D:1      | 0 ||| qw: Lair rune preference: random
     0 | D:1      | 0 ||| qw: Plans: Normal
     0 | D:1      | 0 ||| PLANNING D:1-11
    31 | D:1      | 31 ||| INVOKING Spit Poison.
    36 | D:1      | 36 ||| INVOKING Spit Poison.
    41 | D:1      | 41 ||| INVOKING Spit Poison.
    47 | D:1      | 47 ||| INVOKING Spit Poison.
    48 | D:1      | Reached skill level 4 in Ranged Weapons
    48 | D:1      | Reached XP level 2. HP: 11/26 MP: 2/2
   120 | D:1      | 120 ||| INVOKING Spit Poison.
   125 | D:1      | 125 ||| INVOKING Spit Poison.
   130 | D:1      | 130 ||| INVOKING Spit Poison.
   149 | D:1      | 149 ||| INVOKING Spit Poison.
   189 | D:1      | 189 ||| INVOKING Spit Poison.
   232 | D:1      | 232 ||| INVOKING Spit Poison.
   233 | D:1      | Reached XP level 3. HP: 32/32 MP: 3/3
   247 | D:1      | 247 ||| INVOKING Spit Poison.
   250 | D:1      | 250 ||| INVOKING Spit Poison.
   302 | D:1      | 302 ||| INVOKING Spit Poison.
   425 | D:1      | 425 ||| READING scroll labelled ICINWE GIFU.
   426 | D:1      | 426 ||| READING scroll labelled KEP YHAWNUDOO.
   431 | D:1      | 431 ||| DROPPING scroll of butterflies.
   445 | D:2      | 445 ||| INVOKING Spit Poison.
   449 | D:2      | 449 ||| STAIRDANCE
   451 | D:1      | 451 ||| INVOKING Spit Poison.
   454 | D:1      | 454 ||| INVOKING Spit Poison.
   526 | D:2      | 526 ||| INVOKING Spit Poison.
   529 | D:2      | 529 ||| STAIRDANCE
   531 | D:1      | 531 ||| INVOKING Spit Poison.
   534 | D:1      | 534 ||| INVOKING Spit Poison.
   537 | D:1      | 537 ||| INVOKING Spit Poison.
   591 | D:2      | 591 ||| INVOKING Spit Poison.
   640 | D:2      | 640 ||| INVOKING Spit Poison.
   646 | D:2      | 646 ||| INVOKING Spit Poison.
   702 | D:2      | Reached skill level 5 in Ranged Weapons
   715 | D:2      | Reached XP level 4. HP: 39/39 MP: 4/4
   757 | D:2      | 757 ||| INVOKING Spit Poison.
   765 | D:2      | Found a faded altar of an unknown god.
   767 | D:2      | 767 ||| INVOKING Spit Poison.
   827 | D:2      | 827 ||| INVOKING Spit Poison.
   860 | D:2      | 860 ||| INVOKING Spit Poison.
  1002 | D:2      | 1002 ||| READING scroll labelled YQUTERELEY.
  1003 | D:2      | 1003 ||| READING scroll labelled KETERRI SUBUIC.
  1047 | D:3      | 1047 ||| INVOKING Spit Poison.
  1051 | D:3      | 1051 ||| INVOKING Spit Poison.
  1060 | D:3      | 1060 ||| INVOKING Spit Poison.
  1066 | D:3      | 1066 ||| INVOKING Spit Poison.
  1070 | D:3      | 1070 ||| INVOKING Spit Poison.
  1071 | D:3      | Reached skill level 3 in Fighting
  1122 | D:3      | 1122 ||| INVOKING Spit Poison.
  1140 | D:3      | Reached XP level 5. HP: 49/49 MP: 5/5
  1207 | D:3      | 1207 ||| INVOKING Spit Poison.
  1219 | D:3      | Noticed Robin
  1221 | D:3      | 1221 ||| INVOKING Spit Poison.
  1227 | D:3      | 1227 ||| INVOKING Spit Poison.
  1228 | D:3      | HP: 10/49 [goblin/+0 club[Robin] (3)]
  1229 | D:3      | HP: 4/49 [goblin/+0 club[Robin] (4)]
  1229 | D:3      | Slain by a goblin

Levels and vault maps discovered:
D:1:      ldierk_walled_garden, layout_rooms, st_stairs_11,
          corexii_item_surrounded_by_moat, minmay_misc_feat_columns
D:2:      layout_rooms, hellmonk_ecumenical_altar_run_dry
D:3:      layout_basic, nicolae_overflow_crystal_walls,
          hangedman_decor_opposing, uniq_robin

Skill      XL: |  1  2  3  4 |
---------------+-------------+-----
Ranged Weapons | 4 5 |  5.2
Fighting       | 3 |  3.2
Dodging        | |  1.5
Stealth        | |  1.5

Action                     |  1- 3 |  4- 6 || total
---------------------------+-------+-------++-------
   Fire: Shortbow          |    59 |    44 ||   103
Ability: Spit Poison       |    23 |    13 ||    36
    Use: Scroll            |     2 |     2 ||     4
 Armour: Leather armour    |    16 |     9 ||    25
  Dodge: Dodged            |    47 |    11 ||    58

Table legend:
 A = Non-vault XP
 B = Vault XP
 C = Vault XP percentage of total XP
 D = Non-vault monster count
 E = Vault monster count
 F = Vault count percentage of total count
                 A         B        C        D         E       F
            +---------+---------+-------+---------+---------+-------
      Total |     172 |      17 |   9.0 |      48 |       8 |  14.3
            +---------+---------+-------+---------+---------+-------
        D:1 |      50 |       7 |  12.3 |      22 |       3 |  12.0
        D:2 |      53 |       0 |   0.0 |      16 |       0 |   0.0
        D:3 |      69 |      10 |  12.7 |      10 |       5 |  33.3
            +---------+---------+-------+---------+---------+-------
